 Dungeon Crawl Stone Soup version 0.18.1-48-g4cf74bf (webtiles) character file.

26 Alarkh the Insei (level 2, 0/22 HPs)
             Began as a Vampire Skald on July 20, 2016.
             Slain by Crazy Yiuf
             ... wielding a +2 quarterstaff of chaos
              (8 damage)
             ... on level 2 of the Dungeon.
             The game lasted 00:01:14 (791 turns).

Alarkh the Insei (Vampire Skald)                     Turns: 791, Time: 00:01:14

Health: 0/22       AC:  8    Str: 11    XL:     2   Next: 89%
Magic:  5/5        EV: 10    Int: 14    God:
Gold:   68         SH:  0    Dex:  9    Spells: 1 memorised, 4 levels left

rFire  . . .     SeeInvis +       - Unarmed
rCold  . . .     Gourm    .     h - +3 ring mail
rNeg   . . .     Faith    .     (no shield)
rPois  .         Spirit   .     (no helmet)
rElec  .         Dismiss  .     (no cloak)
rCorr  .         Reflect  .     (no gloves)
SustAt .         Harm     .     (no boots)
MR     .....                    (no amulet)
Stlth  ..........               (no ring)
                                e - -4 ring of dexterity (curse)

@: very slightly contaminated, regenerating quickly, not resistant to hostile
enchantments, extremely unstealthy
A: fangs 3, see invisible, unbreathing
a: no special abilities


You were on level 2 of the Dungeon.
You were full.

You visited 1 branch of the dungeon, and saw 2 of its levels.

You collected 68 gold pieces.

Inventory:

Armour
 a - a +0 leather armour
 g - a +0 cloak
 h - a +3 ring mail (worn)
Jewellery
 e - a cursed -4 ring of dexterity (left hand)
Potions
 c - 3 potions of blood
 d - a potion of heal wounds {unknown}
Books
 b - a book of Battle

   Spells                             Type                      Level
   a - Infusion                       Charms                       1
   b - Shroud of Golubria             Charms/Translocation         2
   c - Song of Slaying                Charms                       2
   d - Spectral Weapon                Hexes/Charms                 3
   e - Regeneration                   Charms/Necromancy            3


   Skills:
 - Level 1.7 Fighting
 - Level 0.7 Armour
 - Level 1.1 Dodging
 + Level 3.8 Unarmed Combat
 - Level 2.0 Spellcasting
 - Level 3.2 Charms


You had 4 spell levels left.
You knew the following spells:

 Your Spells              Type           Power        Failure   Level  Hunger
a - Infusion              Chrm           ##..         17%         1    ##.....


Dungeon Overview and Level Annotations

Branches:
Dungeon (2/15)

Altars:

Annotations:
D:2 Crazy Yiuf


Innate Abilities, Weirdness & Mutations

Your natural rate of healing is unusually fast.
You have razor-sharp teeth.
You have supernaturally acute eyesight.
You can survive without breathing.


Message History

You closely miss Crazy Yiuf.
Crazy Yiuf is lightly wounded.
Crazy Yiuf hits you but does no damage.
You hit Crazy Yiuf but do no damage.
Crazy Yiuf is lightly wounded.
Crazy Yiuf hits you but does no damage. Crazy Yiuf barely misses you.
You hit Crazy Yiuf.
Crazy Yiuf is moderately wounded.
Crazy Yiuf screams, "Fire Xom leg!"
Crazy Yiuf completely misses you.
You hit Crazy Yiuf.
Crazy Yiuf is moderately wounded.
Crazy Yiuf hits you with a quarterstaff of chaos.
You barely miss Crazy Yiuf.
Crazy Yiuf is moderately wounded.
Crazy Yiuf hits you but does no damage.
You hit Crazy Yiuf but do no damage.
Crazy Yiuf is moderately wounded.
Crazy Yiuf hits you with a quarterstaff of chaos!
You die...

###### ****** ##....# *,,,,*
###** ####...#.### *** *,,,,*
#)..### ##........))( ,,***,,,,*
#...g@####..).....#### ,,,,,,,,,*
#...##..#..).......#.. ,,,*,,,,,*
###**###.#.)..#.#..#.. *,,*,,,,,*
########.#..... ,,,**,,,,*
#.....##.
*,,*,,,..################....##..
*,,*,,,#...............(.((..##..
,,,*,,,...................(..##.#
*,,,,,,..........................


You could see Crazy Yiuf.

Vanquished Creatures
  An adder (D:2)
  2 bats
  A giant cockroach (D:2)
  2 hobgoblins
  5 jackals
  A giant newt (D:1)
  A goblin (D:2)
  2 kobolds
15 creatures vanquished.

Notes
Turn   | Place    | Note
--------------------------------------------------------------
     0 | D:1      | Alarkh the Vampire Skald began the quest for the Orb.
     0 | D:1      | Reached XP level 1. HP: 16/16 MP: 3/3
   582 | D:2      | Reached XP level 2. HP: 15/22 MP: 0/5
   777 | D:2      | Noticed Crazy Yiuf
   791 | D:2      | Slain by Crazy Yiuf

Skill      XL: |  1 |
---------------+----+-----
Unarmed Combat | 3 |  3.8
Fighting       | |  1.7
Armour         | |  0.7
Dodging        | |  1.1
Spellcasting   | |  2.0
Charms         | |  3.2

Action                   || total
-------------------------++-------
Melee: Unarmed           ||    65
       Bite              ||     4
 Cast: Infusion          ||     4
  Use: Scroll            ||     3
       Potion            ||     7
Armor: Leather armour    ||    24
       Ring mail         ||     3
Dodge: Dodged            ||    43
